 Dungeon Crawl Stone Soup version 0.23-a0-625-g1d2cd9b (webtiles) character file.

139 Lanoc the Ruffian (level 5, -3/45 HPs)
             Began as a Ghoul Warper on Dec 24, 2018.
             Was a Follower of Nemelex Xobeh.
             Slain by a gnoll
             ... wielding a +0 whip
              (7 damage)
             ... on level 3 of the Dungeon.
             The game lasted 00:06:37 (1384 turns).

Lanoc the Ruffian (Ghoul Warper)                    Turns: 1384, Time: 00:06:37

Health: -3/45      AC:  3    Str: 13 (16) XL:     5   Next: 22%
Magic:  7/7        EV: 11    Int:  7 (8)  God:    Nemelex Xobeh [*.....]
Gold:   71         SH:  0    Dex:  6 (8)  Spells: 6/8 levels left

rFire    . . .     SeeInvis .     - Unarmed
rCold    + . .     Gourm    .   (no shield)
rNeg     + + +     Faith    .   a - +0 leather armour
rPois    ∞         Spirit   .   (no helmet)
rElec    .         Reflect  .   (no cloak)
rCorr    .         Harm     .   (no gloves)
MR       .....                  (no boots)
Stlth    +.........             (no amulet)
HPRegen  0.00/turn              (no ring)
MPRegen  0.10/turn              (no ring)

@: rotting
A: rotting body, claws 1, carnivore, cold resistance 1, negative energy
resistance 3, inhibited regeneration, torment resistance, unbreathing
a: Draw Escape, Draw Destruction, Draw Summoning, Renounce Religion


You were on level 3 of the Dungeon.
You worshipped Nemelex Xobeh.
Nemelex Xobeh was aware of your devotion.
You were not hungry.

You visited 1 branch of the dungeon, and saw 3 of its levels.

You collected 71 gold pieces.

Inventory:

Missiles
 d - 5 tomahawks of dispersal (quivered)
Armour
 a - a +0 leather armour (worn)
Jewellery
 q - an uncursed ring of ice
Scrolls
 b - 2 scrolls of identify {unknown}
 c - a scroll of blinking
 e - a scroll of random uselessness {unknown}
 i - a scroll of noise {unknown}
 j - a scroll of teleportation {unknown}
 k - a scroll of enchant weapon {unknown}
 l - a scroll of remove curse {unknown}
Potions
 n - a potion of degeneration
 o - a potion of agility {unknown}
 p - a potion of haste {unknown}
Comestibles
 f - 5 rations


   Skills:
 + Level 3.0 Fighting
 - Level 0.8 Throwing
 - Level 0.8 Armour
 + Level 2.4 Dodging
 * Level 3.7 Unarmed Combat
 + Level 2.3 Spellcasting
 * Level 3.2 Translocations


You had 6 spell levels left.
You knew the following spells:

 Your Spells              Type           Power        Failure   Level  Hunger
a - Blink                 Tloc           N/A          19%         2    ###....

Your spell library contained the following spells:

 Spells                   Type           Power        Failure   Level  Hunger
 Shroud of Golubria       Chrm/Tloc      #.........   36%         2    ###....
 Gell's Gravitas          Tloc           #.........   36%         3    ####...
 Lesser Beckoning         Tloc           #.........   36%         3    ####...
 Teleport Other           Tloc           #.......     36%         3    ####...
 Passage of Golubria      Tloc           N/A          77%         4    #####..


Dungeon Overview and Level Annotations

Branches:
Dungeon (3/15)

Altars:
Nemelex Xobeh
Okawaru
Wu Jian


Innate Abilities, Weirdness & Mutations

Your body is rotting away.
You thrive on raw meat.
You are immune to poison.
You have sharp fingernails.
You are carnivorous and can eat meat at any time.
Your flesh is cold resistant. (rC+)
You are immune to negative energy. (rN+++)
You do not regenerate when monsters are visible.
You are immune to unholy pain and torment.
You can survive without breathing.


Message History

It was a potion of curing.
You feel better.
You barely miss the gnoll.
The gnoll is severely wounded.
The gnoll hits you with a +0 whip.
* * * LOW HITPOINT WARNING * * *
The gnoll hits you from afar with a +0 spear.
* * * LOW HITPOINT WARNING * * *
You feel better. The gnoll hits you with a +0 whip.
* * * LOW HITPOINT WARNING * * *
The gnoll barely misses you.
It was a potion of lignification.
You feel woody for a moment. The gnoll closely misses you.
The gnoll hits you from afar with a +0 spear.
* * * LOW HITPOINT WARNING * * *
It was a potion of degeneration.
There was something very wrong with that liquid.
You feel weakened.
You feel dopey.
You feel clumsy. The gnoll hits you with a +0 whip!
You die...
Your body disappears without a glow.

#.#####.# #.# #.# #.#
#.# ###.#####... # #.#
#.# #.........# .## #.#
#.# #.#.####### #.# #.#
#.# #.#.# #)# #.#
#.###.#.# ##g# #.#
#.......### ##.## #.#
##.@÷.....#
..######)######g##...#.#
##.÷..........g.####.#.#
#.#######.###..# #.#.#
#.# #.# #..####.#.# #.#
#.###.........## +.#
#............... #.#
#.###.##.#...## #.# #.#
#.##.....#


You could see 2 gnolls.

Vanquished Creatures
  A gnoll shaman (D:3)
  4 adders
  3 oozes
  A worm (D:2)
  2 dart slugs (D:1)
  A leopard gecko (D:1)
  6 bats
  A giant cockroach (D:2)
  3 goblins (D:1)
  7 hobgoblins
  6 jackals
  2 quokkas (D:2)
  A ball python (D:2)
  7 frilled lizards
  9 kobolds
  3 rats
57 creatures vanquished.

Notes
Turn   | Place    | Note
-------+----------+-------------------------------------------
     0 | D:1      | Lanoc the Ghoul Warper began the quest for the Orb.
     0 | D:1      | Reached XP level 1. HP: 17/17 MP: 2/2
    61 | D:1      | Reached XP level 2. HP: 14/25 MP: 3/3
   198 | D:1      | Reached XP level 3. HP: 4/30 MP: 5/5
   241 | D:1      | Learned a level 2 spell: Blink
   747 | D:2      | Found a faded altar of an unknown god.
   766 | D:2      | Became a worshipper of Nemelex Xobeh the Trickster
   766 | D:2      | Received a gift from Nemelex Xobeh
   766 | D:2      | Reached * piety under Nemelex Xobeh
   797 | D:2      | Found an iron altar of Okawaru.
   813 | D:2      | Reached XP level 4. HP: 36/37 MP: 6/6
   906 | D:2      | Found an ornate altar of the Wu Jian Council.
  1098 | D:2      | Found a sparkling altar of Nemelex Xobeh.
  1353 | D:3      | Reached XP level 5. HP: 24/45 MP: 7/7
  1380 | D:3      | HP: 2/45 [gnoll/+0 spear (6)]
  1384 | D:3      | Slain by a gnoll

Vault maps used:
D:1:      ebering_trefoil_twist
D:2:      old_standard_altar, overflow_temple_1_default, marbit_many_paths,
          chequers_ecumenical_altar_simple_redux
D:3:      cheibrodos_gnoll_hut

Skill      XL: |  1  2  3  4 |
---------------+-------------+-----
Dodging        | 2 |  2.4
Spellcasting   | 2 |  2.3
Unarmed Combat | 3 |  3.7
Translocations | 3 |  3.2
Fighting       | 3 |  3.0
Throwing       | |  0.8
Armour         | |  0.8

Action                   |  1- 3 |  4- 6 || total
-------------------------+-------+-------++-------
Melee: Unarmed           |   135 |    93 ||   228
       Punch             |     2 |     1 ||     3
  Use: Potion            |       |     4 ||     4
  Eat: Chunk             |    19 |    13 ||    32
Armor: Leather armour    |    30 |    21 ||    51
Dodge: Dodged            |    87 |    55 ||   142

Table legend:
 A = Non-vault XP
 B = Vault XP
 C = Vault XP percentage of total XP
 D = Non-vault monster count
 E = Vault monster count
 F = Vault count percentage of total count
                 A         B        C        D         E       F
            +---------+---------+-------+---------+---------+-------
      Total |     197 |       2 |   1.0 |      56 |       1 |   1.8
            +---------+---------+-------+---------+---------+-------
        D:1 |      58 |       0 |   0.0 |      26 |       0 |   0.0
        D:2 |      85 |       2 |   2.3 |      27 |       1 |   3.6
        D:3 |      54 |       0 |   0.0 |       3 |       0 |   0.0
            +---------+---------+-------+---------+---------+-------
